 Dungeon Crawl Stone Soup version 0.32-a0-705-g60f233581c (webtiles) character file.

Game seed: 10577497778207172413

141 Fodor the Covered (level 5, -2/46 HPs)
             Began as a Minotaur Fighter on Mar 14, 2024.
             Killed by psychic fangs
             ... invoked by a brain worm
              (7 damage)
             ... in a sewer.
             The game lasted 00:04:39 (2106 turns).

Fodor the Covered (Minotaur Fighter)                Turns: 2106, Time: 00:04:39

Health: -2/46      AC:  7    Str: 22    XL:     5   Next: 3%
Magic:  1/4        EV:  8    Int: 11    God:
Gold:   58         SH:  4    Dex: 10    Spells: 4/4 levels left

rFire   . . .        a - +0 war axe
rCold   . . .        c - +0 buckler
rNeg    . . .        b - +0 scale mail
rPois   .            (helmet restricted)
rElec   .            (no cloak)
rCorr   .            (no gloves)
SInv    .            (no boots)
Will    .....        (no amulet) Stlth
                     j - +6 ring of intelligence
HPRegen 0.27/turn    (no ring)
MPRegen 0.09/turn

%: no passive effects
@: no status effects
A: horns 2, retaliatory headbutt
a: no special abilities


You were in a sewer.
You visited 1 branch of the dungeon, and saw 3 of its levels.
You also visited: Sewer.

You collected 58 gold pieces.

Inventory:

Hand Weapons
 a - a +0 war axe (weapon)
Missiles
 g - 7 boomerangs (quivered)
Armour
 b - a +0 scale mail (worn)
 c - a +0 buckler (worn)
Jewellery
 j - a +6 ring of intelligence (left hand)
 r - a ring of protection from cold
Scrolls
 e - a scroll of brand weapon {unknown}
 f - 3 scrolls of identify {unknown}
 h - a scroll of poison {unknown}
 i - 2 scrolls of revelation {unknown}
 k - a scroll of teleportation {unknown}
 l - a scroll of fog {unknown}
 p - a scroll of noise {unknown}
Potions
 d - 3 potions of might
 m - a potion of mutation {unknown}
 n - 2 potions of haste {unknown}
 o - a potion of ambrosia {unknown}
 q - a potion of enlightenment {unknown}


   Skills:
 + Level 4.2 Fighting
 + Level 2.9 Axes
 + Level 2.6 Throwing
 + Level 4.6 Armour
 + Level 0.2 Dodging
 + Level 0.2 Stealth
 + Level 4.2 Shields


You had 4 spell levels left.
You didn't know any spells.
Your spell library was empty.

Dungeon Overview and Level Annotations

Branches:
Dungeon (3/15)              Sewer (1/1)

Altars:


Innate Abilities, Weirdness & Mutations

You have a pair of horns on your head.
You reflexively headbutt those who attack you in melee.


Message History

You block the bat's attack. The bat misses you. The bat hits you.
You closely miss the bat. Your headbutt misses the bat.
The bat is moderately wounded.
The bat hits you but does no damage. The bat closely misses you.
You closely miss the bat.
The bat is moderately wounded.
The bat barely misses you.
The brain worm's throbbing head pulsates.
Something gnaws on your mind!
You feel your power leaking away. The bat closely misses you.
You closely miss the bat. The bat hits you but does no damage. x2
The brain worm's bulging head throbs.
Something gnaws on your mind!
You feel your power leaking away. The bat hits you but does no damage.
You slash the bat!
You kill the bat!
The brain worm's bulging head throbs.
Something gnaws on your mind!
You feel your power leaking away. The brain worm bites you.
You barely miss the brain worm. You block the brain worm's attack.
The brain worm's bulging head throbs.
Something gnaws heavily on your mind!
* * * LOW HITPOINT WARNING * * *
You slash the brain worm! You headbutt the brain worm.
The brain worm is severely wounded.
The brain worm bites you.
* * * LOW HITPOINT WARNING * * *
You hit the brain worm.
The brain worm is almost dead.
The brain worm bites you.
* * * LOW HITPOINT WARNING * * *
You hit the brain worm.
The brain worm is almost dead.
The brain worm's bulging head throbs.
Something gnaws on your mind!
You die...

### #.#
#.# ##.##
... #w#
#@# #.#
#.# #.#
#.# ##.##
##...##
##.....##
#...≈...#


You could see a brain worm.

Vanquished Creatures
  A bombardier beetle (D:2)
  5 adders
  2 ribbon worms
  2 dart slugs (D:2)
  4 endoplasms
  3 giant cockroaches
  7 goblins
  2 hobgoblins
  A quokka (D:2)
  4 ball pythons
  10 bats
  7 frilled lizards
  7 kobolds
  5 rats
60 creatures vanquished.

Notes
Turn   | Place    | Note
-------+----------+-------------------------------------------
     0 | D:1      | Fodor the Minotaur Fighter began the quest for the Orb.
     0 | D:1      | Reached XP level 1. HP: 19/19 MP: 0/0
   172 | D:1      | Reached XP level 2. HP: 27/27 MP: 1/1
   725 | D:2      | Noticed a bombardier beetle
   729 | D:2      | Killed a bombardier beetle
   730 | D:2      | Reached XP level 3. HP: 33/33 MP: 2/2
   915 | D:2      | Reached skill level 1 in Throwing
   915 | D:2      | Reached XP level 4. HP: 31/40 MP: 3/3
  2067 | D:3      | Found a glowing drain.
  2076 | Sewer    | Entered a sewer
  2080 | Sewer    | Reached XP level 5. HP: 46/46 MP: 4/4
  2106 | Sewer    | Killed from afar by a brain worm

Illustrated notes

Levels and vault maps discovered:
D:1:      dpeg_arrival_concentric_ovals, layout_basic
D:2:      layout_basic, moated_statue
D:3:      layout_rooms, portal_sewer_entry_d
Sewer:    sewer_big_baddie

Skill      XL: |  1  2  3  4 |
---------------+-------------+-----
Fighting       | 4 |  4.2
Armour         | 4 |  4.6
Shields        | 4 |  4.2
Throwing       | 1 2 |  2.6
Axes           | |  2.9
Dodging        | |  0.2
Stealth        | |  0.2

Action                     |  1- 3 |  4- 6 || total
---------------------------+-------+-------++-------
  Melee: War axe           |    35 |    24 ||    59
         Headbutt          |     7 |     4 ||    11
  Throw: Boomerang         |    29 |    67 ||    96
 Armour: Scale mail        |    42 |    30 ||    72
  Dodge: Dodged            |    26 |    22 ||    48
  Block: Buckler           |     9 |    10 ||    19

Table legend: (Time is in decaauts)
 A = Elapsed time spent in this place.
 B = Non-inter-level travel time spent in this place.
 C = Inter-level travel time spent in this place.
 D = Time resting spent in this place.
 E = Time spent auto-exploring this place.
 F = Levels seen in this place.
 G = Mean time per level.
                   A        B        C        D        E       F      G
               +--------+--------+--------+--------+--------+-----+--------+
         Total |   2157 |   2103 |     54 |      0 |   1586 |   4 |  539.2 |
       Dungeon |   2122 |   2068 |     54 |      0 |   1577 |   3 |  707.3 |
         Sewer |     34 |     34 |      0 |      0 |      9 |   1 |   34.0 |
               +--------+--------+--------+--------+--------+-----+--------+

Top non-repeatable levels by time:
     D:2: 1127 daAuts
     D:1: 736 daAuts
     D:3: 259 daAuts
   Sewer: 34 daAuts
